 Dungeon Sprint DCSS version 0.21.1-1-g345015f (webtiles) character file.

1600 sanboga the Cleaver (level 8, -3/60 HPs)
             Began as a Gargoyle Berserker on May 31, 2018.
             Was a High Priest of Trog.
             Slain by a yaktaur (6 damage)
             ... in the Dungeon (Sprint II: "The Violet Keep of Menkaure").
             The game lasted 00:02:55 (735 turns).

sanboga the Cleaver (Gargoyle Berserker)             Turns: 735, Time: 00:02:55

Health: -3/60      AC: 26    Str: 28    XL:     8   Next: 94%
Magic:  8/8        EV:  8    Int:  8    God:    Trog [*****.]
Gold:   53         SH:  0    Dex:  9    Spells: 7/7 levels left

rFire    . . .     SeeInvis .   a - +0 hand axe
rCold    + . .     Gourm    .   (no shield)
rNeg     + . .     Faith    .   c - +6 plate armour "Diyjoc" {rC+}
rPois    ∞         Spirit   .   (no helmet)
rElec    +         Reflect  .   (no cloak)
rCorr    .         Harm     .   (no gloves)
MR       .....     NoTele   +   (no boots)
Stlth    ..........             (no amulet)
HPRegen  0.20/turn              (no ring)
MPRegen  0.11/turn              (no ring)

@: mighty, berserk cooldown, hasted and slowed
A: negative energy resistance 1, electricity resistance, unbreathing,
petrification resistance, rot immunity, AC +5
a: Berserk, Trog's Hand, Brothers in Arms, Burn Spellbooks, Renounce Religion


You were in the Dungeon.
You worshipped Trog.
Trog was extremely pleased with you.
You were very hungry.

You visited 1 branch You collected 729 gold pieces.
You spent 676 gold pieces at shops.

Inventory:

Hand Weapons
 a - a +0 hand axe (weapon)
Armour
 c - the +6 plate armour "Diyjoc" (worn) {rC+}
   (You bought it in a shop in the Dungeon)

   It protects you from cold.
Scrolls
 b - a scroll of fog
 i - a scroll of blinking
Potions
 g - 2 potions of magic
 h - a potion of berserk rage


   Skills:
 + Level 11.1 Fighting
 * Level 12.6 Axes
 + Level 10.8 Armour
 - Level 1.5 Dodging


You had 7 spell levels left.
You didn't know any spells.

Dungeon Overview and Level Annotations

Branches:
Dungeon (1/1)

Altars:
Cheibriados
Dithmenos
Elyvilon
Fedhas
Hepliaklqana
Kikubaaqudgha
Makhleb
Qazlal
Ru
Sif Muna
Trog
Wu Jian
Xom
The Shining One
Beogh
Jiyva
Lugonu

Shops:
D (:=*!:=[?*}:(%[!

Annotations:
D exclusion: oklob plant


Innate Abilities, Weirdness & Mutations

You are resistant to torment.
Your stone body is resilient. (AC +5)
You are immune to poison.
You resist negative energy. (rN+)
You are resistant to electric shocks. (rElec)
You can survive without breathing.
You are immune to petrification.
You are immune to rotting.


Message History

You closely miss the hornet.
The hornet is severely wounded.
You hit the yaktaur.
The hornet stings you but does no damage.
The yaktaur hits you.
* * * LOW HITPOINT WARNING * * *
You hit the hornet.
The hornet is severely wounded.
You hit the yaktaur. The hornet stings you.
* * * LOW HITPOINT WARNING * * *
You feel better.
The hornet stings you but does no damage.
The yaktaur hits you!
* * * LOW HITPOINT WARNING * * *
The hornet stings you but does no damage.
Okay, then.
It was a potion of might.
You feel very mighty all of a sudden. The yaktaur hits you.
You die...

## #. .##.## +.### ..
...# ...#### w ##..##
#..##$# # #.##..#
+..#..# ##.# #..#
#..#cy#
.'###+..####..##@#
##.#.#....###...##▓▓
###.##......≈≈≈≈≈≈≈≈≈≈≈
.####≈≈.....≈#+########
..#≈≈≈≈≈≈≈..§#.._.....#
.##≈≈≈≈≈≈≈§§§#._._....#
##≈≈≈≈§≈§§≈§§#_._._...#
≈≈≈≈≈≈≈§§≈≈≈≈#._._._..#
+++#≈§§≈§≈≈≈≈#_._._._.#


You could see a yaktaur and a hornet.

Vanquished Creatures
  3 polar bears (D)
  A blink frog (D)
  2 hippogriffs (D)
  Menkaure (D)
  4 necrophages (D)
  3 worms (D)
14 creatures vanquished.

Vanquished Creatures (others)
  A crocodile (D)
1 creature vanquished.

Grand Total: 15 creatures vanquished

Notes
Turn   | Place    | Note
-------+----------+-------------------------------------------
     0 | D        | sanboga the Gargoyle Berserker began the quest for the Orb.
     0 | D        | Reached XP level 1. HP: 14/14 MP: 1/1
     6 | D        | Reached skill level 3 in Axes
    40 | D        | Found Hutuh's Antique Weapon Boutique.
    40 | D        | Found Fegyed's Antique Armour Boutique.
    40 | D        | Found Myetes's Book Shop.
    41 | D        | Found Misch's Distillery.
    41 | D        | Found Gaes's Gadget Shop.
    41 | D        | Found Vophojy's Assorted Antiques.
    41 | D        | Found Meerph's Magic Scroll Shop.
    41 | D        | Found Pedizea's Antique Armour Boutique.
    46 | D        | Reached ** piety under Trog
    46 | D        | Reached XP level 2. HP: 6/20 MP: 2/2
    47 | D        | Noticed a crocodile
   219 | D        | Killed a crocodile
   262 | D        | Noticed a tyrant leech
   262 | D        | Noticed a tyrant leech
   266 | D        | Noticed a necrophage
   266 | D        | Noticed a necrophage
   266 | D        | Noticed a necrophage
   266 | D        | Noticed a necrophage
   274 | D        | Killed a necrophage
   274 | D        | Reached skill level 5 in Fighting
   274 | D        | Reached skill level 6 in Axes
   274 | D        | Reached skill level 5 in Armour
   274 | D        | Reached XP level 3. HP: 27/27 MP: 3/3
   274 | D        | Reached XP level 4. HP: 32/32 MP: 4/4
   285 | D        | Killed a necrophage
   285 | D        | Reached skill level 7 in Axes
   285 | D        | Reached XP level 5. HP: 37/37 MP: 5/5
   297 | D        | Killed a necrophage
   297 | D        | Reached *** piety under Trog
   297 | D        | Reached skill level 8 in Axes
   297 | D        | Reached XP level 6. HP: 22/44 MP: 6/6
   305 | D        | Killed a necrophage
   305 | D        | Reached skill level 9 in Axes
   444 | D        | Noticed a hippogriff
   444 | D        | Noticed a hippogriff
   454 | D        | Killed a hippogriff
   454 | D        | Reached skill level 10 in Axes
   454 | D        | Reached XP level 7. HP: 43/50 MP: 7/7
   456 | D        | Killed a hippogriff
   548 | D        | Found Diuric's Book Boutique.
   548 | D        | Found Itagej's Distillery.
   549 | D        | Found Yluuvitall's Food Shop.
   549 | D        | Found Becomoy's Jewellery Boutique.
   550 | D        | Found Eddamoq's Assorted Antiques.
   550 | D        | Found Aziukhopy's Jewellery Shop.
   550 | D        | Noticed Menkaure
   550 | D        | Noticed an oklob plant
   551 | D        | Found Quket's Book Shoppe.
   551 | D        | Found Paemeaba's Weapon Boutique.
   553 | D        | Noticed a shining eye
   553 | D        | Noticed a shining eye
   554 | D        | Noticed a shining eye
   557 | D        | Bought a distressingly furry plate armour for 616 gold pieces
   567 | D        | Killed Menkaure
   567 | D        | Reached **** piety under Trog
   567 | D        | Reached skill level 11 in Axes
   573 | D        | Noticed a spiny frog
   574 | D        | Noticed a spiny frog
   574 | D        | Noticed a flying skull
   575 | D        | Noticed a flying skull
   576 | D        | Noticed a flying skull
   578 | D        | Noticed a flying skull
   581 | D        | Noticed a flying skull
   585 | D        | Noticed a flying skull
   588 | D        | Identified the +6 plate armour "Diyjoc" {rC+} (You bought it in a shop in the Dungeon)
   590 | D        | Bought a scroll labeled WOAFFOUNNI for 30 gold pieces
   590 | D        | Bought a scroll labeled REYLULAESE for 30 gold pieces
   625 | D        | Noticed a blink frog
   663 | D        | Killed a blink frog
   663 | D        | Reached skill level 10 in Fighting
   663 | D        | Reached XP level 8. HP: 57/57 MP: 8/8
   686 | D        | Found a stormy altar of Qazlal.
   686 | D        | Found an ornate altar of the Wu Jian Council.
   686 | D        | Found a glowing golden altar of the Shining One.
   687 | D        | Found a hazy altar of Hepliaklqana.
   687 | D        | Found a sacrificial altar of Ru.
   687 | D        | Found a shimmering altar of Xom.
   688 | D        | Found a roughly hewn altar of Beogh.
   688 | D        | Found a viscous altar of Jiyva.
   688 | D        | Found a deep blue altar of Sif Muna.
   689 | D        | Found a snail-covered altar of Cheibriados.
   689 | D        | Found an ancient bone altar of Kikubaaqudgha.
   689 | D        | Found a bloodstained altar of Trog.
   690 | D        | Found a shadowy altar of Dithmenos.
   690 | D        | Found a corrupted altar of Lugonu.
   691 | D        | Found a white marble altar of Elyvilon.
   691 | D        | Found a burning altar of Makhleb.
   692 | D        | Found a blossoming altar of Fedhas.
   698 | D        | Noticed a yaktaur
   698 | D        | Noticed a hornet
   698 | D        | Noticed a polar bear
   699 | D        | Noticed a polar bear
   704 | D        | Killed a polar bear
   704 | D        | Reached skill level 10 in Armour
   705 | D        | Noticed a polar bear
   713 | D        | Killed a polar bear
   713 | D        | Reached skill level 12 in Axes
   722 | D        | Killed a polar bear
   722 | D        | Reached ***** piety under Trog
   732 | D        | HP: 3/60 [yaktaur (4)]
   735 | D        | Slain by a yaktaur

Skill      XL: |  1  2  3  4  5  6  7  8 |
---------------+-------------------------+-----
Axes           | 3 6 7 8 10 11 12 | 12.6
Fighting       | 4 5 6 7 8 10 11 | 11.1
Armour         | 3 5 6 7 8 9 10 | 10.8
Dodging        | |  1.5

Action                   |  1- 3 |  4- 6 |  7- 9 || total
-------------------------+-------+-------+-------++-------
Melee: Hand axe          |    15 |    39 |    65 ||   119
Invok: Berserk           |     2 |     1 |     2 ||     5
  Use: Scroll            |       |       |     1 ||     1
       Potion            |       |       |     4 ||     4
  Eat: Ration            |       |       |     1 ||     1
Armor: Animal skin       |     1 |    19 |     1 ||    21
       Plate armour      |       |       |    65 ||    65
Dodge: Dodged            |     6 |    22 |    30 ||    58
